 Dungeon Crawl Stone Soup version 0.30-a0-509-gd016549fea (webtiles) character file.

Game seed: 9042010862095864638

75 greenreed the Gusty (level 4, -4/24 HPs)
             Began as a Tengu Air Elementalist on Dec 22, 2022.
             Killed from afar by an orc wizard (7 damage)
             ... with a magic dart
             ... on level 1 of the Dungeon.
             The game lasted 00:01:56 (851 turns).

greenreed the Gusty (Tengu Air Elementalist)         Turns: 851, Time: 00:01:56

Health: -4/24      AC:  2    Str:  8    XL:     4   Next: 31%
Magic:  1/9        EV: 12    Int: 17    God:
Gold:   104        SH:  0    Dex: 15    Spells: 5/8 levels left

rFire   . . .      SeeInvis .    (no weapon)
rCold   . . .      Faith    .    (no shield)
rNeg    . . .      Spirit   .    a - +0 robe
rPois   .          Reflect  .    (helmet restricted)
rElec   .          Harm     .    (no cloak)
rCorr   .          Rampage  .    (no gloves)
Will    .....                    (boots unavailable)
Stlth   ++........               (no amulet)
HPRegen 0.24/turn                (no ring)
MPRegen 0.11/turn                (no ring)

@: no status effects
A: beak, talons 3
a: no special abilities


You were on level 1 of the Dungeon.
You visited 1 branch of the dungeon, and saw 2 of its levels.

You collected 104 gold pieces.

Inventory:

Armour
 a - a +0 robe (worn)
Jewellery
 d - a +6 ring of strength
Scrolls
 c - a scroll of poison {unknown}
 h - a scroll of amnesia {unknown}
 i - a scroll of identify {unknown}
 j - 2 scrolls of fog {unknown}
Potions
 b - 3 potions of magic
 e - a potion of flight {unknown}
 f - a potion of might {unknown}
 g - a potion of invisibility {unknown}
 k - 2 potions of heal wounds {unknown}


   Skills:
 + Level 0.1 Fighting
 + Level 2.4 Dodging
 + Level 2.1 Stealth
 * Level 2.8 Spellcasting
 + Level 2.1 Conjurations
 * Level 5.4 Air Magic


You had 5 spell levels left.
You knew the following spells:

 Your Spells              Type           Power      Damage    Failure   Level
a - Shock                 Conj/Air       60%        1d6       3%          1
b - Static Discharge      Conj/Air       30%        2-4/arc   6%          2

Your spell library contained the following spells:

 Spells                   Type           Power      Damage    Failure   Level
 Swiftness                Air            20%        N/A       6%          3
 Airstrike                Air            10%        2d(2-18)  19%         4


Dungeon Overview and Level Annotations

Branches:
Dungeon (2/15)

Altars:


Innate Abilities, Weirdness & Mutations

You have a beak for a mouth.
You have claws for feet.


Message History

The orc wizard flickers and vanishes!
Deactivating autopickup; reactivate with Ctrl-A.
Unknown command.
Casting: Static Discharge (safe; 6% risk of failure)
Confirm with . or Enter, or press ? or * to list all spells.
The orc priest is struck by an arc of lightning.
The orc priest is almost dead.
You are struck by an arc of lightning.
The orc priest is struck by an arc of lightning.
You kill the orc priest!
Something is struck by an arc of lightning.
The lightning grounds out.
You have reached level 4!
You feel agile. Something hits you but does no damage.
You climb upwards.
Reactivating autopickup.
There is a stone staircase leading down here.
You start resting.
Something hits you.
* * * LOW HITPOINT WARNING * * *
Deactivating autopickup; reactivate with Ctrl-A.
You barely miss something. Your kick misses something. Something hits you.
* * * LOW HITPOINT WARNING * * *
Something hits you.
* * * LOW HITPOINT WARNING * * *
Casting: Static Discharge (safe; 6% risk of failure)
Confirm with . or Enter, or press ? or * to list all spells.
You can't see any susceptible monsters within range! (Use Z to cast anyway.)
Casting: Static Discharge (safe; 6% risk of failure)
Confirm with . or Enter, or press ? or * to list all spells.
Okay, then.
Casting: Static Discharge (safe; 6% risk of failure)
Confirm with . or Enter, or press ? or * to list all spells.
Aiming: Shock (safe; 3% risk of failure)
Press: ? - help, Shift-Dir - straight line The zap hits something.
You hear some strange, mumbled words.
A magic dart appears from out of thin air!
The magic dart hits you!
You die...

###.####..# #.#
##....##.#### ##.#
#...........### ##..#
#.#.......#...## #..##
#.#.......###..#####.###
####.#.....................
#........#########...#..###
#....>...#### ###[..##
#........{@.# ##.#.#
#......[>##.## #..#.####
###########..######........
##.........(.....
####.####.......
#............ ######.......
#....... ########


There were no monsters in sight!

Vanquished Creatures
  2 orc priests
  A dart slug (D:1)
  An orc (D:2)
  3 endoplasms (D:1)
  A hobgoblin (D:1)
  2 ball pythons (D:1)
  4 bats (D:1)
  A kobold (D:2)
  A rat (D:1)
16 creatures vanquished.

Notes
Turn   | Place    | Note
-------+----------+-------------------------------------------
     0 | D:1      | greenreed the Tengu Air Elementalist began the quest for
                  | the Orb.
     0 | D:1      | Reached XP level 1. HP: 10/10 MP: 4/4
   221 | D:1      | Found a faded altar of an unknown god.
   221 | D:1      | Noticed a blizzard demon
   295 | D:1      | Reached XP level 2. HP: 15/15 MP: 4/6
   768 | D:1      | Learned a level 2 spell: Static Discharge
   780 | D:1      | Reached skill level 5 in Air Magic
   780 | D:1      | Reached XP level 3. HP: 11/19 MP: 1/7
   845 | D:2      | Reached XP level 4. HP: 8/24 MP: 1/9
   851 | D:1      | Killed from afar by an orc wizard

Illustrated notes

Levels and vault maps discovered:
D:1:      dpeg_arrival_orchard, layout_rooms,
          dreamdust_ecumenical_altar_sealed_demon
D:2:      layout_loops_ring, basic_altar, serial_shops, shop, minivault_14

Skill      XL: |  1  2 |
---------------+-------+-----
Conjurations   | 2 |  2.1
Air Magic      | 5 |  5.4
Fighting       | |  0.1
Dodging        | |  2.4
Stealth        | |  2.1
Spellcasting   | |  2.8

Action                   |  1- 3 |  4- 6 || total
-------------------------+-------+-------++-------
Melee: Unarmed           |     7 |     1 ||     8
       Peck              |     2 |       ||     2
       Kick              |     2 |       ||     2
 Cast: Shock             |    30 |     1 ||    31
       Static Discharge  |     5 |       ||     5
Armor: Robe              |     5 |     1 ||     6
Dodge: Dodged            |     8 |       ||     8

Table legend: (Time is in decaauts)
 A = Elapsed time spent in this place.
 B = Non-inter-level travel time spent in this place.
 C = Inter-level travel time spent in this place.
 D = Time resting spent in this place.
 E = Time spent auto-exploring this place.
 F = Levels seen in this place.
 G = Mean time per level.
                   A        B        C        D        E       F      G
               +--------+--------+--------+--------+--------+-----+--------+
         Total |    853 |    816 |     37 |     99 |    604 |   2 |  426.5 |
       Dungeon |    853 |    816 |     37 |     99 |    604 |   2 |  426.5 |
               +--------+--------+--------+--------+--------+-----+--------+

Top non-repeatable levels by time:
     D:1: 772 daAuts
     D:2: 80 daAuts
